 Dungeon Crawl Stone Soup version 0.26-a0-958-gf3041fb45f (webtiles) character file.

Game seed: 5556812412204099262

158 YayAnonymity the Sneak (level 5, -5/31 HPs)
             Began as an Octopode Venom Mage on Dec 1, 2020.
             Killed from afar by an orc wizard (14 damage)
             ... with a puff of frost
             ... on level 3 of the Dungeon.
             The game lasted 00:10:29 (2604 turns).

YayAnonymity the Sneak (Octopode Venom Mage)        Turns: 2604, Time: 00:10:29

Health: -5/31      AC:  1    Str:  8    XL:     5   Next: 39%
Magic:  18/18      EV: 14    Int: 18    God:
Gold:   41         SH:  0    Dex: 12    Spells: 6/9 levels left

rFire    . . .     SeeInvis .   a - +3 dagger (speed)
rCold    . . .     Faith    .   (no shield)
rNeg     . . .     Spirit   .   (helmet restricted)
rPois    +         Reflect  .   m - amulet of magic regeneration
rElec    .         Harm     .   i - ring of poison resistance
rCorr    .         Rampage  .   b - ring of magical power
MR       .....                  (no ring)
Stlth    ++++......             (no ring)
HPRegen  0.10/turn              (no ring)
MPRegen  0.41/turn              (no ring)
                                (no ring)
                                (no ring)

@: no status effects
A: almost no armour, stealthy swim, amphibious, 8 rings, constrict 8, camouflage
1, gelatinous body 1
a: no special abilities


You were on level 3 of the Dungeon.
You visited 1 branch of the dungeon, and saw 3 of its levels.

You collected 41 gold pieces.

Inventory:

Hand Weapons
 a - a +3 dagger of speed (weapon)
 c - a +2 short sword of holy wrath
Missiles
 d - 4 silver javelins
 f - 2 boomerangs
Jewellery
 b - a ring of magical power (right tentacle)
 i - a ring of poison resistance (left tentacle)
 m - an amulet of magic regeneration (around mantle)
Scrolls
 j - a scroll of fear
Potions
 e - a potion of brilliance
 g - a potion of curing
 k - a potion of resistance {unknown}


   Skills:
 + Level 1.3 Short Blades
 + Level 2.9 Dodging
 * Level 5.0 Stealth
 + Level 2.7 Spellcasting
 - Level 1.0 Transmutations
 + Level 4.3 Poison Magic


You had 6 spell levels left.
You knew the following spells:

 Your Spells              Type           Power        Failure   Level
a - Sting                 Tmut/Pois      ##..         5%          1
b - Poisonous Vapours     Pois/Air       ##....       11%         2

Your spell library contained the following spells:

 Spells                   Type           Power        Failure   Level
 Ignite Poison            Fire/Tmut/Pois #.......     24%         3
 Mephitic Cloud           Conj/Pois/Air  #.......     28%         3
 Olgreb's Toxic Radiance  Pois           ###.....     28%         4


Dungeon Overview and Level Annotations

Branches:
Dungeon (3/15)

Altars:
Makhleb
Vehumet
The Shining One


Innate Abilities, Weirdness & Mutations

You cannot wear most types of armour.
You are very stealthy in the water. (Stealth+)
You are amphibious.
You can wear up to eight rings at the same time.
You can use your tentacles to constrict eight enemies at once.
Your skin changes colour to match your surroundings (Stealth+).
Your rubbery body absorbs attacks. (AC +1, EV +1)


Message History

An orc wizard comes into view. It is wielding a +0 dagger.
Casting: Sting (safe; 5% risk of failure)
Confirm with . or Enter, or press ? or * to list all spells.
Aiming: Sting (safe; 5% risk of failure)
Press: ? - help, Shift-Dir - straight line, f - orc
Aim: an orc, wielding a +0 flail and wearing a +0 chain mail (21% to evade)
The sting hits the orc but does no damage.
The orc is poisoned.
The orc wizard shouts!
An orc wizard comes into view. It is wielding a +4 dagger of venom.
The orc wizard mumbles some strange words.
The orc wizard seems to speed up.
The orc hits you with a +0 flail! The orc wizard casts a spell at you.
The puff of flame hits you!
* * * LOW HITPOINT WARNING * * *
The orc looks more healthy.
A ball python comes into view.
The orc wizard casts a spell at you. The puff of frost hits you!
You die...

... #....)<.......
########.####..#.#.......
S........................
#.......................
####.......................
##.......................... .
...........####...#........
.......................#........
#......#...#..o@####...#........
##......#........####...#........
.....)......o...........>.#.#...
#.....##...#.............#.#)..
###.....##...#.#...#.#..#........
........##...#.#...#.##.#.#...o..
........................._.......
........######.#........#.#...###
....###.# #................##.


You could see an orc wizard (fast) and an orc.

Vanquished Creatures
  2 orc wizards
  An adder (D:2)
  2 oozes
  2 worms (D:3)
  2 dart slugs
  10 orcs
  3 ball pythons (D:2)
  4 bats
  3 giant cockroaches
  6 goblins
  5 hobgoblins
  7 jackals
  6 kobolds
  A quokka (D:2)
  5 frilled lizards
  7 rats
66 creatures vanquished.

Notes
Turn   | Place    | Note
-------+----------+-------------------------------------------
     0 | D:1      | YayAnonymity the Octopode Venom Mage began the quest for
                  | the Orb.
     0 | D:1      | Reached XP level 1. HP: 11/11 MP: 3/3
   191 | D:1      | Reached skill level 3 in Stealth
   236 | D:1      | Reached XP level 2. HP: 17/17 MP: 3/5
   554 | D:1      | Learned a level 2 spell: Poisonous Vapours
   791 | D:1      | Reached XP level 3. HP: 21/21 MP: 4/6
  1264 | D:2      | Reached skill level 4 in Stealth
  1323 | D:2      | Reached XP level 4. HP: 5/27 MP: 1/7
  1663 | D:2      | Found a burning altar of Makhleb.
  1663 | D:2      | Found a radiant altar of Vehumet.
  2167 | D:3      | Found a glowing golden altar of the Shining One.
  2208 | D:3      | Reached skill level 1 in Short Blades
  2208 | D:3      | Reached XP level 5. HP: 31/31 MP: 8/8
  2214 | D:3      | Reached skill level 5 in Stealth
  2604 | D:3      | Killed from afar by an orc wizard

Illustrated notes

Levels and vault maps discovered:
D:1:      lightli_arrival_maybe_door_vault, layout_loops_ring
D:2:      layout_rooms, gammafunk_temple_overflow_elements
D:3:      layout_basic, lemuel_crystal_altar

Skill      XL: |  1  2  3  4  5 |
---------------+----------------+-----
Stealth        | 3 4 5 |  5.0
Poison Magic   | 4 |  4.3
Short Blades   | 1 |  1.3
Dodging        | |  2.9
Spellcasting   | |  2.7
Transmutations | |  1.0

Action                   |  1- 3 |  4- 6 || total
-------------------------+-------+-------++-------
Melee: Unarmed           |    13 |       ||    13
       Constrict         |     7 |    10 ||    17
       Tentacles         |     4 |     5 ||     9
       Dagger            |     8 |    41 ||    49
 Cast: Sting             |    28 |     8 ||    36
       Poisonous Vapours |    11 |    25 ||    36
  Use: Scroll            |     1 |     5 ||     6
 Stab: Sleeping          |     3 |       ||     3
Armor: Skin              |     1 |       ||     1
Dodge: Dodged            |    13 |    23 ||    36

Table legend: (Time is in decaauts)
 A = Elapsed time spent in this place.
 B = Non-inter-level travel time spent in this place.
 C = Inter-level travel time spent in this place.
 D = Time resting spent in this place.
 E = Time spent auto-exploring this place.
 F = Levels seen in this place.
 G = Mean time per level.
                   A        B        C        D        E       F      G
               +--------+--------+--------+--------+--------+-----+--------+
         Total |   2590 |   2503 |     87 |    505 |   1453 |   3 |  863.3 |
       Dungeon |   2590 |   2503 |     87 |    505 |   1453 |   3 |  863.3 |
               +--------+--------+--------+--------+--------+-----+--------+

Top non-repeatable levels by time:
     D:2: 1221 daAuts
     D:1: 1019 daAuts
     D:3: 350 daAuts
